 Dungeon Crawl Stone Soup version 0.21.1-68-g103a7af (webtiles) character file.

44 meralisa the Ruffian (level 3, -1/31 HPs)
             Began as a Naga Transmuter on Aug 1, 2018.
             Slain by tyranidshit's ghost (6 damage)
             ... on level 3 of the Dungeon.
             The game lasted 00:22:09 (2258 turns).

meralisa the Ruffian (Naga Transmuter)              Turns: 2258, Time: 00:22:10

Health: -1/31      AC:  4    Str: 13    XL:     3   Next: 62%
Magic:  6/6        EV: 10    Int: 13    God:
Gold:   141        SH:  0    Dex: 11    Spells: 3/6 levels left

rFire    . . .     SeeInvis +   f - +1 short sword (holy)
rCold    . . .     Gourm    .   (no shield)
rNeg     . . .     Faith    .   y - +0 leather armour (curse)
rPois    +         Spirit   .   (no helmet)
rElec    .         Reflect  .   (no cloak)
rCorr    .         Harm     .   (no gloves)
MR       .....     Clarity  +   (no barding)
Stlth    +.........             (no amulet)
HPRegen  0.10/turn              (no ring)
MPRegen  0.10/turn              (no ring)

@: short of breath, very slow
A: large, thin metallic scales 1, see invisible, clarity, deformed body, poison
resistance, slowness 2, slow metabolism 1, spit poison 1, AC +1
a: Spit Poison


You were on level 3 of the Dungeon.
You were hungry.

You visited 1 branch of the dungeon, and saw 3 of its levels.

You collected 141 gold pieces.

Inventory:

Hand Weapons
 f - a +1 short sword of holy wrath (weapon)
 p - a cursed -2 hunting sling
 u - a +0 whip
Missiles
 a - 29 arrows
 g - 17 poisoned needles
 v - 49 stones (quivered)
 z - 3 silver tomahawks
Armour
 b - a +0 robe
 h - a +0 robe
 w - a +0 chain mail
 x - a +0 ring mail
 y - a cursed +0 leather armour (worn)
Scrolls
 k - a scroll of enchant armour
 m - a scroll of amnesia {unknown}
 o - 2 scrolls of remove curse {unknown}
 s - a scroll of teleportation {unknown}
 t - 2 scrolls of identify
Potions
 e - a potion of might {unknown}
 i - a potion of agility {unknown}
 l - 2 potions of ambrosia
 n - 3 potions of curing {unknown}
 q - a potion of haste {unknown}
 r - a potion of resistance {unknown}
Books
 c - a book of Changes

   Spells                             Type                      Level
   a - Beastly Appendage              Transmutation                1
   b - Sticks to Snakes               Transmutation                2
   c - Spider Form                    Transmutation/Poison         3
   d - Ice Form                       Ice/Transmutation            4
   e - Blade Hands                    Transmutation                5
Comestibles
 d - 4 rations
 A - a chunk of flesh


   Skills:
 + Level 1.0 Fighting
 + Level 0.8 Short Blades
 + Level 0.3 Armour
 + Level 2.1 Dodging
 + Level 3.3 Unarmed Combat
 + Level 2.3 Spellcasting
 + Level 2.3 Transmutations


You had 3 spell levels left.
You knew the following spells:

 Your Spells              Type           Power        Failure   Level  Hunger
a - Beastly Appendage     Tmut           #.....       12%         1    #......
b - Sticks to Snakes      Tmut           #.......     19%         2    ###....


Dungeon Overview and Level Annotations

Branches:
Dungeon (3/15)

Altars:

Portals:
Sewer: D:3

Annotations:
D:3 tyranidshit's ghost, amateur DsAK


Innate Abilities, Weirdness & Mutations

You cannot wear boots.
Your serpentine skin is tough. (AC +1)
You have supernaturally acute eyesight. (SInv)
Armour fits poorly on your strangely shaped body.
Your system is resistant to poisons. (rPois)
You cover ground very slowly.
You have a slow metabolism.
You can spit poison.
You are partially covered in thin metallic scales. (AC +2)
You possess an exceptional clarity of mind.


Message History

Your headbutt misses tyranidshit's ghost.
Tyranidshit's ghost is lightly damaged.
Your ball python bites tyranidshit's ghost but does no damage.
Tyranidshit's ghost hits you but does no damage.
Throwing (i - inventory. (,) - cycle):
v - 49 stones (quivered)
Press: ? - help, Shift-Dir - straight line, f/p - tyranidshit's ghost
Aim: tyranidshit's ghost (lightly damaged)
Okay, then.
Press: ? - help, Shift-Dir - straight line, f/p - tyranidshit's ghost
Aim: tyranidshit's ghost (lightly damaged) Really fire in your ball python's direction?
The splash of poison misses tyranidshit's ghost.
The splash of poison hits your ball python.
You kill your ball python!
You are feeling hungry.
Your horns disappear.
Tyranidshit's ghost hits you!
* * * LOW HITPOINT WARNING * * *
Tyranidshit's ghost hits you.
You die...

####.#.######.#
...... #.#
...#.#.# #.#
!....#.#.# #.#
.... #.#.. #.#
... #.#.# #.#
... #.#.# #.#
#.# #W# #.# #@#
#.####.#
#...##.#
#.#.##.#
#.....≈#
#...≈≈≈#
#..≈≈≈≈#
#..≈≈≈≈#
#.≈≈≈≈∩#


You could see tyranidshit's ghost.

Vanquished Creatures
  A worm (D:2)
  2 dart slugs
  2 leopard geckos (D:1)
  5 giant cockroaches
  2 goblins (D:1)
  5 hobgoblins
  4 jackals (D:2)
  2 kobolds
  2 bats
  6 rats
31 creatures vanquished.

Vanquished Creatures (collateral kills)
  2 bats (D:2)
  A kobold (D:1)
3 creatures vanquished.

Grand Total: 34 creatures vanquished

Notes
Turn   | Place    | Note
-------+----------+-------------------------------------------
     0 | D:1      | meralisa the Naga Transmuter began the quest for the Orb.
     0 | D:1      | Reached XP level 1. HP: 18/18 MP: 3/3
   350 | D:1      | Reached XP level 2. HP: 25/25 MP: 3/5
   673 | D:1      | Learned a level 2 spell: Sticks to Snakes
  1291 | D:2      | Reached XP level 3. HP: 22/31 MP: 4/6
  2162 | D:3      | Found a glowing drain.
  2229 | D:3      | Noticed tyranidshit's ghost (amateur DsAK)
  2252 | D:3      | Gained mutation: You are partially covered in thin metallic scales. (AC +2) [potion of mutation]
  2252 | D:3      | Gained mutation: You possess an exceptional clarity of mind. [potion of mutation]
  2258 | D:3      | Slain by tyranidshit's ghost

Skill      XL: |  1  2 |
---------------+-------+-----
Dodging        | 2 |  2.1
Fighting       | |  1.0
Short Blades   | |  0.8
Armour         | |  0.3
Unarmed Combat | |  3.3
Spellcasting   | |  2.3
Transmutations | |  2.3

Action                   || total
-------------------------++-------
Melee: Short sword       ||   113
       Unarmed           ||     8
       Headbutt          ||     7
       Punch             ||     1
Throw: Stone             ||     4
 Cast: Beastly Appendage ||    16
       Sticks to Snakes  ||     9
 Abil: Spit Poison       ||    16
  Use: Potion            ||     2
       Scroll            ||     1
  Eat: Chunk             ||     5
Armor: Robe              ||    14
       Chain mail        ||    41
       Leather armour    ||     4
Dodge: Dodged            ||    75
